 Dungeon Crawl Stone Soup version 0.31.0-12-g77e489cdc1 (webtiles) character file.

Game seed: 1421409819611439034

304 csloce the Geomancer (level 6, -3/32 HPs)
             Began as a Gargoyle Earth Elementalist on Feb 17, 2024.
             Slain by Duvessa
             ... wielding a +0 short sword
              (4 damage)
             ... on level 4 of the Dungeon.
             The game lasted 00:18:15 (3001 turns).

csloce the Geomancer (Gargoyle Earth Elementalist)  Turns: 3001, Time: 00:18:16

Health: -3/32      AC:  7    Str:  9 (11) XL:     6   Next: 38%
Magic:  4/9        EV: 11    Int: 15 (18) God:
Gold:   114        SH:  0    Dex:  7 (10) Spells: 5/9 levels left

rFire   . . .        m - +0 hand axe (holy)
rCold   . . .        (no shield)
rNeg    + + .        a - +0 robe
rPois   ∞            (no helmet)
rElec   +            l - scarf {+Inv}
rCorr   .            g - +0 pair of gloves
SInv    .            (no boots)
Will    +....        (no amulet)
Stlth   ++           r - ring of positive energy
HPRegen 0.25/turn    (no ring)
MPRegen 0.11/turn

%: no passive effects
@: brilliant, enlightened, flying
A: sickness immunity, AC +4, negative energy resistance 1, electricity
resistance, torment resistance 1, petrification resistance
a: Evoke Invisibility


You were on level 4 of the Dungeon.
You visited 1 branch of the dungeon, and saw 4 of its levels.

You collected 114 gold pieces.

Inventory:

Hand Weapons
 f - a +0 dagger
 m - a +0 hand axe of holy wrath (weapon)
Missiles
 e - 4 atropa-tipped darts
Armour
 a - a +0 robe (worn)
 g - a +0 pair of gloves (worn)
 l - a scarf of invisibility (worn)
Jewellery
 r - a ring of positive energy (left hand)
 t - a ring of fire
Talismans
 w - a beast talisman
Scrolls
 c - 2 scrolls of identify {unknown}
 i - 2 scrolls of noise
 j - a scroll of amnesia
 k - 2 scrolls of enchant weapon {unknown}
 x - a scroll of revelation {unknown}
 y - a scroll of teleportation
 z - a scroll of poison {unknown}
 A - a scroll of fog {unknown}
Potions
 b - a potion of magic
 d - a potion of lignification {unknown}
 h - a potion of mutation {unknown}
 n - a potion of attraction {unknown}
 o - a potion of enlightenment
 p - a potion of brilliance
 q - a potion of curing {unknown}
 s - a potion of berserk rage {unknown}
 u - 2 potions of degeneration
 v - 2 potions of haste {unknown}


   Skills:
 - Level 1.7 Dodging
 - Level 2.2 Stealth
 - Level 2.0 Spellcasting
 - Level 1.1 Conjurations
 * Level 8.3 Earth Magic


You had 5 spell levels left.
You knew the following spells:

 Your Spells              Type           Power      Damage    Failure   Level
a - Sandblast             Erth           78%        2d17      1%          1
b - Stone Arrow           Conj/Erth      46%        3d9       10%         3

Your spell library contained the following spells:

 Spells                   Type           Power      Damage    Failure   Level
 Passwall                 Erth           39%        N/A       2%          3
 Brom's Barrelling Bould  Conj/Erth      23%        2d4       32%         4
 Petrify                  Alch/Erth      20%        N/A       38%         4


Dungeon Overview and Level Annotations

Branches:
Dungeon (4/15)
 Temple: D:4-7

Altars:
Cheibriados
Wu Jian
Xom

Annotations:
D:2 1 runed translucent door, Crazy Yiuf
D:3 Robin
D:4 Dowan, Duvessa


Innate Abilities, Weirdness & Mutations

You are immune to sickness and miasma.
Your stone body is resilient. (AC +4)
You are immune to poison.
You resist negative energy. (rN+)
You are resistant to electric shocks. (rElec)
You are resistant to unholy torment.
You are immune to petrification.


Message History

Aiming: Sandblast (safe; 1% risk of failure)
Press: ? - help, Q - select action, (/) - cycle Shift-Dir - straight line, f - Duvessa, p - Dowan
Aim: Duvessa, wielding a +0 short sword and wearing a +0 leather armour (severely wounded, 86% to hit)
The blast of sand hits Duvessa.
Duvessa is almost dead.
Dowan casts a spell.
Duvessa hits you with a +0 short sword.
A bombardier beetle comes into view.
Duvessa barely misses you.
Aiming: Sandblast (safe; 1% risk of failure)
Press: ? - help, Q - select action, (/) - cycle Shift-Dir - straight line, f/p - Duvessa
Aim: Duvessa, wielding a +0 short sword and wearing a +0 leather armour (severely wounded, 86% to hit)
The blast of sand hits Duvessa!
Duvessa is almost dead.
Dowan hits you with a +0 dagger. Duvessa hits you but does no damage.
Aiming: Sandblast (safe; 1% risk of failure)
Press: ? - help, Q - select action, (/) - cycle Shift-Dir - straight line, f/p - Duvessa
Aim: Duvessa, wielding a +0 short sword and wearing a +0 leather armour (almost dead, 86% to hit)
The blast of sand misses Duvessa.
Dowan gestures wildly while chanting.
Dowan blinks!
Duvessa misses you. Duvessa barely misses you.
Dowan points at you and mumbles some strange words.
The puff of frost hits you!
* * * LOW HITPOINT WARNING * * *
Unknown command.
It was a potion of degeneration.
There was something very wrong with that liquid.
You feel weakened.
You feel dopey.
You feel clumsy. Dowan hits you but does no damage.
Duvessa hits you but does no damage.
It was a potion of brilliance.
You feel clever all of a sudden. Dowan hits you but does no damage.
Duvessa says, "Where magic fails, the sword succeeds!"
Duvessa hits you but does no damage.
It was a potion of enlightenment.
You feel very buoyant.
You fly up into the air.
Dowan hits you with a +0 dagger.
* * * LOW HITPOINT WARNING * * *
Duvessa hits you with a +0 short sword.
You die...

########......)#######.#
.......†.#.###.).....).#
................########
#######.#######.# #.#
#.# #.# #.# #.# #.#
#e##### #.#
.......#@...# #..
#######e###.# ### #. #B
.. .. #.. #..


You could see Duvessa, Dowan and a bombardier beetle.

Vanquished Creatures
  An ogre (D:4)
  Natasha (thrice) (D:2)
  5 adders
  3 dart slugs
  2 ball pythons
  7 endoplasms
  2 giant cockroaches (D:2)
  7 goblins
  12 hobgoblins
  11 jackals
  4 kobolds
  6 quokkas
  4 bats
  4 frilled lizards
  19 rats
90 creatures vanquished.

Notes
Turn   | Place    | Note
-------+----------+-------------------------------------------
     0 | D:1      | csloce the Gargoyle Earth Elementalist began the quest for
                  | the Orb.
     0 | D:1      | Reached XP level 1. HP: 10/10 MP: 3/3
   144 | D:1      | Reached skill level 4 in Earth Magic
   144 | D:1      | Reached XP level 2. HP: 15/15 MP: 3/5
   264 | D:1      | Found a faded altar of an unknown god.
   761 | D:3      | Reached XP level 3. HP: 19/19 MP: 4/6
   812 | D:3      | Learned a level 3 spell: Stone Arrow
   895 | D:3      | Reached skill level 5 in Earth Magic
  1205 | D:3      | Reached XP level 4. HP: 24/24 MP: 5/7
  1314 | D:3      | Noticed Robin
  1414 | D:3      | Found a snail-covered altar of Cheibriados.
  1414 | D:3      | Found an ornate altar of the Wu Jian Council.
  1462 | D:2      | Reached skill level 6 in Earth Magic
  1801 | D:2      | Noticed Natasha
  1805 | D:2      | Killed Natasha
  1806 | D:2      | Reached XP level 5. HP: 16/28 MP: 4/8
  1819 | D:2      | Noticed Natasha
  1825 | D:2      | Killed Natasha
  1826 | D:2      | Reached skill level 7 in Earth Magic
  1911 | D:2      | Noticed Natasha
  1923 | D:2      | Killed Natasha
  2101 | D:2      | Found a runed translucent door.
  2102 | D:2      | Noticed Crazy Yiuf
  2852 | D:4      | Noticed an ogre
  2854 | D:4      | Killed an ogre
  2855 | D:4      | Reached skill level 8 in Earth Magic
  2855 | D:4      | Reached XP level 6. HP: 32/32 MP: 6/9
  2883 | D:4      | Found a shimmering altar of Xom.
  2989 | D:4      | Noticed Duvessa
  2989 | D:4      | Noticed Dowan
  3001 | D:4      | HP: 1/32 [Dowan/+0 dagger (2)]
  3001 | D:4      | Slain by Duvessa

Illustrated notes

Levels and vault maps discovered:
D:1:      lemuel_arrival_tunnels, layout_rooms, ebering_ecumenical_altar_hall
D:2:      layout_rooms, minmay_tree_intersection, uniq_natasha,
          uniq_crazy_yiuf_cottage
D:3:      layout_loops_ring, gammafunk_temple_overflow_elements,
          minmay_rat_hole, uniq_robin
D:4:      layout_loops_ring, xom_teletrap_fun, hellmonk_guarded_unrand_hermit,
          uniq_duvessa

Skill      XL: |  1  2  3  4  5 |
---------------+----------------+-----
Earth Magic    | 4 5 6 8 |  8.3
Dodging        | |  1.7
Stealth        | |  2.2
Spellcasting   | |  2.0
Conjurations   | |  1.1

Action                     |  1- 3 |  4- 6 || total
---------------------------+-------+-------++-------
  Melee: Hand axe          |    58 |    63 ||   121
         Punch             |       |     1 ||     1
   Cast: Sandblast         |    48 |    52 ||   100
    Use: Scroll            |     3 |     2 ||     5
         Potion            |       |     3 ||     3
 Armour: Robe              |    55 |    71 ||   126
  Dodge: Dodged            |    76 |    58 ||   134
